 Dungeon Crawl Stone Soup version 0.20-a0-544-g2b9a704 (webtiles) character file.

35 ztj1998114 the Ducker (level 3, 0/28 HPs)
             Began as a Demonspawn Gladiator on Jan 31, 2017.
             Succumbed to an adder's poison
             ... on level 2 of the Dungeon.
             The game lasted 00:04:11 (1444 turns).

ztj1998114 the Ducker (Demonspawn Gladiator)        Turns: 1444, Time: 00:04:11

Health: 0/28       AC:  9    Str: 15    XL:     3   Next: 17%
Magic:  3/3        EV: 11    Int:  9    God:
Gold:   34         SH:  4    Dex: 14    Spells: 2/2 levels left

rFire    . . .     SeeInvis .   a - +0 war axe
rCold    . . .     Gourm    .   p - +1 ring mail
rNeg     . . .     Faith    .   g - +1 buckler
rPois    .         Spirit   .   c - +0 helmet
rElec    .         Reflect  .   (no cloak)
rCorr    .         Harm     .   (no gloves)
MR       .....                  (no boots)
Stlth    +.........             (no amulet)
Regen    0.1/turn               (no ring)
                                (no ring)

@: lethally poisoned (0 -> -9)
A: yellow scales 1, powered by death 1
a: no special abilities


You were on level 2 of the Dungeon.
You were not hungry.

You visited 1 branch of the dungeon, and saw 2 of its levels.

You collected 34 gold pieces.

Inventory:

Hand Weapons
 a - a +0 war axe (weapon)
Missiles
 d - 3 throwing nets (quivered)
Armour
 b - a +0 leather armour
 c - a +0 helmet (worn)
 g - a +1 buckler (worn)
 p - a +1 ring mail (worn)
Scrolls
 e - 2 scrolls of remove curse
 i - a scroll of blinking {unknown}
 j - 3 scrolls of fog {unknown}
Comestibles
 f - 3 bread rations
 h - a royal jelly


   Skills:
 + Level 2.3 Fighting
 + Level 2.9 Axes
 + Level 1.9 Throwing
 + Level 0.6 Armour
 + Level 3.2 Dodging
 + Level 0.2 Stealth
 + Level 0.1 Shields


You had 2 spell levels left.
You didn't know any spells.

Dungeon Overview and Level Annotations

Branches:
Dungeon (2/15)

Altars:
Yredelemnul


Innate Abilities, Weirdness & Mutations

You are partially covered in yellow scales. (AC +2)
You regenerate a little health from kills.


Message History

The adder is moderately wounded.
You feel sick. The adder bites you.
* * * LOW HITPOINT WARNING * * *
You hit the adder.
The adder is moderately wounded.
The adder bites you.
* * * LOW HITPOINT WARNING * * *
The adder barely misses you.
You barely miss the adder.
The adder is moderately wounded.
* * * LOW HITPOINT WARNING * * *
You feel sick. The adder bites you but does no damage. The adder bites you.
* * * LOW HITPOINT WARNING * * *
You are more poisoned.
The adder poisons you!
Unknown command.
Unknown command.
You are too injured to fight recklessly!
You are too injured to fight recklessly!
You die...

.# #.#####.##.# .#
#.# #†##.# .# #.#
#.##.# .#
#.#***#(##.#### .*
#.........#...# ,*
***####..###..# ,*
*#.## ##.#### ,* #.##
##...# ,***** ##,**
##@##.# ,,,,,*
**,**#..#*,# ****,*
**,#.#S#*,* *,*
*..##.#*,* *,*
#.#*#.#*,* *,* #.*
#.#*,*
*,******#,**#.#*,*
****,,,,,,,,,,,#.#*,*
,,,,,,,,****,*,#.#*,*


You could see an adder.

Vanquished Creatures
  2 dart slugs (D:1)
  2 leopard geckos (D:1)
  A ball python (D:2)
  2 goblins
  6 hobgoblins
  3 kobolds
  2 bats
  4 frilled lizards
  8 rats
30 creatures vanquished.

Notes
Turn   | Place    | Note
-------+----------+-------------------------------------------
     0 | D:1      | ztj1998114 the Demonspawn Gladiator began the quest for the Orb.
     0 | D:1      | Reached XP level 1. HP: 16/16 MP: 1/1
   233 | D:1      | Gained mutation: You are partially covered in yellow scales. (AC +2) [demonic ancestry]
   233 | D:1      | Reached XP level 2. HP: 20/22 MP: 2/2
   248 | D:1      | Reached skill level 3 in Dodging
  1052 | D:2      | Found a basalt altar of Yredelemnul.
  1316 | D:2      | Gained mutation: You regenerate a little health from kills. [demonic ancestry]
  1316 | D:2      | Reached XP level 3. HP: 23/28 MP: 3/3
  1443 | D:2      | HP: 1/28 [adder (3)]
  1444 | D:2      | Succumbed to an adder's poison

Vault maps used:
D:1:      mrwooster_arrival_arrow, minmay_pentomino_o2
D:2:      yredelemnul_altar_generic

Skill      XL: |  1  2 |
---------------+-------+-----
Dodging        | 3 |  3.2
Fighting       | |  2.3
Axes           | |  2.9
Throwing       | |  1.9
Armour         | |  0.6
Stealth        | |  0.2
Shields        | |  0.1

Action                   || total
-------------------------++-------
Melee: War axe           ||   124
  Use: Scroll            ||     7
       Potion            ||     1
 Stab: Sleeping          ||     1
  Eat: Meat ration       ||     1
Armor: Leather armour    ||    29
       Ring mail         ||    27
Dodge: Dodged            ||   109
Block: Buckler           ||    18
